 Dungeon Crawl Stone Soup version 0.29-a0-613-gf2c431b9b9 (webtiles) character file.

Game seed: 12820851448144513837

307 moldycheese5 the Slasher (level 6, 0/47 HPs)
             Began as a Demonspawn Berserker on June 16, 2022.
             Was a Believer of Trog.
             Slain by a wight
             ... wielding a +0 scimitar
              (11 damage)
             ... on level 6 of the Dungeon.
             The game lasted 00:05:35 (3207 turns).

moldycheese5 the Slasher (Demonspawn Berserker)     Turns: 3207, Time: 00:05:35

Health: 0/47       AC:  8    Str: 26    XL:     6   Next: 16%
Magic:  6/6        EV:  9    Int:  8    God:    Trog [**....]
Gold:   108        SH:  9    Dex: 12    Spells: 5/5 levels left

rFire   . . .      SeeInvis .   a - +0 falchion
rCold   . . .      Faith    .   o - +2 kite shield
rNeg    . . .      Spirit   .   e - +0 scale mail
rPois   .          Reflect  .   f - +0 helmet
rElec   .          Harm     .   (no cloak)
rCorr   .          Rampage  .   (no gloves)
Will    ++...                   (no boots)
Stlth   ..........              (no amulet)
HPRegen 1.15/turn               c - +6 ring of strength
MPRegen 0.20/turn               (no ring)

@: strong-willed, regenerating
A: hooves 2, magic regeneration, demonic magic 1
a: Renounce Religion, Berserk, Trog's Hand


You were on level 6 of the Dungeon.
You worshipped Trog.
Trog was pleased with you.
You visited 2 branches of the dungeon, and saw 5 of its levels.

You collected 108 gold pieces.

Inventory:

Hand Weapons
 a - a +0 falchion (weapon)
Missiles
 h - a throwing net (quivered)
Armour
 e - a +0 scale mail (worn)
 f - a +0 helmet (worn)
 o - a +2 kite shield (worn)
Jewellery
 c - a +6 ring of strength (left hand)
 q - an amulet of regeneration
Scrolls
 b - 3 scrolls of teleportation {unknown}
 d - 2 scrolls of magic mapping {unknown}
 g - 5 scrolls of identify {unknown}
 i - 3 scrolls of immolation {unknown}
 j - a scroll of vulnerability {unknown}
 k - a scroll of silence {unknown}
 s - 2 scrolls of fear {unknown}
Potions
 l - 2 potions of lignification {unknown}
 m - 2 potions of attraction {unknown}
 n - a potion of heal wounds {unknown}
 p - a potion of invisibility {unknown}
 r - a potion of curing {unknown}
 t - a potion of mutation {unknown}


   Skills:
 + Level 3.5 Fighting
 + Level 4.6 Long Blades
 + Level 3.6 Armour
 + Level 2.3 Dodging
 + Level 0.3 Stealth
 + Level 1.0 Shields


You had 5 spell levels left.
You didn't know any spells.
Your spell library was empty.

Dungeon Overview and Level Annotations

Branches:
Dungeon (6/15)             Temple (1/1) D:6

Altars:
Ashenzari
Cheibriados
Dithmenos
Elyvilon
Fedhas
Gozag
Hepliaklqana
Kikubaaqudgha
Makhleb
Okawaru
Qazlal
Ru
Sif Muna
Trog
Uskayaw
Wu Jian
Xom
Yredelemnul
Zin
The Shining One


Innate Abilities, Weirdness & Mutations

You have hoof-like feet.
You regenerate magic rapidly.
Spells you cast may paralyse adjacent enemies.


Message History

You feel the effects of Trog's Hand fading.
The wight barely misses you.
You slash the wight!
The wight is almost destroyed.
The wight hits you but does no damage. The wight closely misses you.
You hit the wight.
You destroy the wight!
Trog accepts your kill.
Your Shields skill increases to level 1!
You have reached level 6!
Your demonic ancestry asserts itself...
A menacing aura infuses your magic.
You completely miss the wight. You kick the wight.
The wight is lightly damaged.
You block the wight's attack.
You hit the wight but do no damage. Your kick misses the wight.
The wight is lightly damaged.
The wight hits you with a +0 scimitar.
You barely miss the wight. You kick the wight, but do no damage.
The wight is lightly damaged.
Your skin stops crawling.
You feel less strong-willed. You block the wight's attack.
The wight hits you with a +0 scimitar!
You closely miss the wight. You kick the wight.
The wight is moderately damaged.
The wight hits you with a +0 scimitar!
You hit the wight but do no damage. You kick the wight, but do no damage.
The wight is moderately damaged.
You block the wight's attack.
You hit the wight but do no damage.
The wight is moderately damaged.
The wight hits you with a +0 scimitar!
* * * LOW HITPOINT WARNING * * *
You hit the wight. You kick the wight!
The wight is almost destroyed.
The wight barely misses you. The wight hits you with a +0 scimitar.
* * * LOW HITPOINT WARNING * * *
Your skin crawls.
You feel strong-willed. The wight hits you with a +0 scimitar!
You die...

... #.# #.## #
... #.# # #..
..
#.##.##.##.#..#
#.............#
#@# #z# #
######.###....
#.....$......#
#.......##.#.#
#.......#
#........
#.....$.#.
#..........


You could see a wight.

Vanquished Creatures
  A bullfrog (D:3)
  2 wights (D:6)
  A jelly (D:6)
  An orc wizard (D:3)
  3 adders (D:2)
  A worm (D:2)
  A dart slug (D:2)
  3 orcs (D:3)
  5 ball pythons
  6 endoplasms
  3 giant cockroaches
  5 goblins
  7 hobgoblins
  2 quokkas (D:2)
  3 bats
  4 frilled lizards
  2 kobolds
  A rat (D:2)
51 creatures vanquished.

Notes
Turn   | Place    | Note
-------+----------+-------------------------------------------
     0 | D:1      | moldycheese5 the Demonspawn Berserker began the quest for
                  | the Orb.
     0 | D:1      | Reached XP level 1. HP: 18/18 MP: 1/1
   669 | D:1      | Reached skill level 3 in Long Blades
   669 | D:1      | Gained mutation: You have large cloven feet. [demonic
                  | ancestry]
   669 | D:1      | Reached XP level 2. HP: 24/24 MP: 2/2
  1328 | D:2      | Gained mutation: You regenerate magic rapidly. [demonic
                  | ancestry]
  1328 | D:2      | Reached XP level 3. HP: 22/29 MP: 3/3
  1810 | D:2      | Reached ** piety under Trog
  2370 | D:3      | Reached XP level 4. HP: 35/35 MP: 4/4
  2465 | D:3      | Noticed a bullfrog
  2476 | D:3      | Killed a bullfrog
  2477 | D:3      | Reached skill level 4 in Long Blades
  2477 | D:3      | Gained mutation: You have hoof-like feet. [demonic
                  | ancestry]
  2477 | D:3      | Reached XP level 5. HP: 30/41 MP: 5/5
  2764 | D:3      | You fall into a shaft and drop 3 floors!
  2764 | D:6      | Found a staircase to the Ecumenical Temple.
  2785 | Temple   | Entered the Ecumenical Temple
  3200 | D:6      | Reached skill level 1 in Shields
  3200 | D:6      | Gained mutation: Spells you cast may paralyse adjacent
                  | enemies. [demonic ancestry]
  3200 | D:6      | Reached XP level 6. HP: 41/47 MP: 6/6
  3207 | D:6      | Slain by a wight

Illustrated notes

Levels and vault maps discovered:
D:1:      dpeg_arrival_round_a, layout_basic, nrook_loot_triangle
D:2:      layout_basic, minmay_octomino_e4
D:3:      layout_loops_ring, serial_glass, glass_columns_b, glass_columns_a,
          minmay_snake_closets
D:6:      layout_loops_cross, minmay_temple_entry_offerings,
          kennysheep_small_circle
Temple:   mainiacjoe_temple_cubbyholes

Skill      XL: |  1  2  3  4  5 |
---------------+----------------+-----
Long Blades    | 3 4 |  4.6
Armour         | 2 3 |  3.6
Dodging        | 2 |  2.3
Shields        | 1 |  1.0
Fighting       | |  3.5
Stealth        | |  0.3

Action                   |  1- 3 |  4- 6 || total
-------------------------+-------+-------++-------
Melee: Falchion          |   111 |    60 ||   171
       Kick              |    15 |    23 ||    38
Invok: Berserk           |     1 |     1 ||     2
       Trog's Hand       |       |     3 ||     3
Armor: Scale mail        |    43 |    14 ||    57
       Animal skin       |     1 |       ||     1
Dodge: Dodged            |    55 |    29 ||    84
Block: Kite shield       |    12 |    24 ||    36

Table legend: (Time is in decaauts)
 A = Elapsed time spent in this place.
 B = Non-inter-level travel time spent in this place.
 C = Inter-level travel time spent in this place.
 D = Time resting spent in this place.
 E = Time spent auto-exploring this place.
 F = Levels seen in this place.
 G = Mean time per level.
                   A        B        C        D        E       F      G
               +--------+--------+--------+--------+--------+-----+--------+
         Total |   3269 |   3057 |    212 |    416 |   2193 |   5 |  653.8 |
       Dungeon |   2880 |   2752 |    128 |    416 |   1892 |   4 |  720.0 |
        Temple |    388 |    304 |     84 |      0 |    301 |   1 |  388.0 |
               +--------+--------+--------+--------+--------+-----+--------+

Top non-repeatable levels by time:
     D:2: 1444 daAuts
     D:1: 948 daAuts
     D:3: 427 daAuts
  Temple: 388 daAuts
     D:6: 59 daAuts
